 Dungeon Crawl Stone Soup version 0.29-a0-370-gb5314be063 (webtiles) character file.

Game seed: 17207087452572434222

2 Lekart the Skirmisher (level 1, -3/19 HPs)
             Began as a Draconian Fighter on May 1, 2022.
             Frozen to death by an endoplasm (4 damage)
             ... on level 1 of the Dungeon.
             The game lasted 00:00:19 (53 turns).

Lekart the Skirmisher (Draconian Fighter)             Turns: 53, Time: 00:00:20

Health: -3/19      AC:  4    Str: 18    XL:     1   Next: 33%
Magic:  1/1        EV: 12    Int:  8    God:
Gold:   0          SH:  4    Dex: 10    Spells: 0/0 levels left

rFire   . . .      SeeInvis .   a - +0 war axe
rCold   . . .      Faith    .   b - +0 buckler
rNeg    . . .      Spirit   .   (body armour unavailable)
rPois   .          Reflect  .   (helmet restricted)
rElec   .          Harm     .   (no cloak)
rCorr   .          Rampage  .   (no gloves)
Will    .....                   (no boots)
Stlth   +.........              (no amulet)
HPRegen 0.06/turn               (no ring)
MPRegen 0.07/turn               (no ring)

@: slowed, very slow
A: AC +4, unfitting armour, cold-blooded
a: no special abilities


You were on level 1 of the Dungeon.
You visited 1 branch of the dungeon, and saw 1 of its levels.

Inventory:

Hand Weapons
 a - a +0 war axe (weapon)
Armour
 b - a +0 buckler (worn)
Scrolls
 d - a scroll of identify {unknown}
Potions
 c - a potion of might


   Skills:
 + Level 3.3 Fighting
 + Level 2.0 Axes
 + Level 2.7 Dodging
 + Level 3.0 Shields


You couldn't memorise any spells.
You didn't know any spells.
Your spell library was empty.

Dungeon Overview and Level Annotations

Branches:
Dungeon (1/15)

Altars:


Innate Abilities, Weirdness & Mutations

Your plain brown scales are hard. (AC +4)
You cannot fit into any form of body armour.
You are cold-blooded and may be slowed by cold attacks.


Message History

There are monsters nearby!
There are monsters nearby!
The endoplasm freezes you.
You are frozen.
There are monsters nearby!
You hit the endoplasm but do no damage. The endoplasm freezes you.
You are frozen.
You feel yourself slow down.
There are monsters nearby!
You barely miss the endoplasm.
Your tail-slap misses the endoplasm.
The endoplasm closely misses you. The endoplasm barely misses you.
There are monsters nearby!
You hit the endoplasm.
The endoplasm is heavily wounded.
You block the endoplasm's attack. The endoplasm barely misses you.
There are monsters nearby!
You completely miss the endoplasm.
The endoplasm is heavily wounded.
You hit the endoplasm.
You feel yourself speed up.
You block the endoplasm's attack. x2; The endoplasm barely misses you.
The endoplasm freezes you.
You are frozen.
You feel yourself slow down. The endoplasm freezes you.
You are frozen.
* * * LOW HITPOINT WARNING * * *
The endoplasm freezes you.
You are frozen.
* * * LOW HITPOINT WARNING * * *
You feel as though you will be slow longer.
There are monsters nearby!
You are too injured to fight recklessly!
You are too injured to fight recklessly!
You are too injured to fight recklessly!
You hit the endoplasm. You tail-slap the endoplasm.
You kill the endoplasm!
You hit the endoplasm. The endoplasm completely misses you.
The endoplasm freezes you.
You are frozen.
You die...

.....# #.....#########
.....# #.....#.......#
###..# #.....#.......#
# #..# #.....#.......#
.
#..#####.....#.......#
#
+..........†..........
#.#.###...............
# #.#.#
#†.....#.......# #.#.#
#......#@......# ..#.#
#......#J......# ..#.#
#......#.......#
...#.#
#.##############
...#.# #.# ..# ..


You could see an endoplasm.

Vanquished Creatures
  2 endoplasms (D:1)
  2 bats (D:1)
4 creatures vanquished.

Notes
Turn   | Place    | Note
-------+----------+-------------------------------------------
     0 | D:1      | Lekart the Draconian Fighter began the quest for the Orb.
     0 | D:1      | Reached XP level 1. HP: 19/19 MP: 1/1
    53 | D:1      | Frozen to death by an endoplasm

Illustrated notes

Levels and vault maps discovered:
D:1:      heliophobic_arrival_ceremonial_halls, layout_basic

Action                   || total
-------------------------++-------
Melee: War axe           ||     9
       Tailslap          ||     1
Armor: Skin              ||     1
Dodge: Dodged            ||     7
Block: Buckler           ||     3

Table legend: (Time is in decaauts)
 A = Elapsed time spent in this place.
 B = Non-inter-level travel time spent in this place.
 C = Inter-level travel time spent in this place.
 D = Time resting spent in this place.
 E = Time spent auto-exploring this place.
 F = Levels seen in this place.
 G = Mean time per level.
                   A        B        C        D        E       F      G
               +--------+--------+--------+--------+--------+-----+--------+
         Total |     59 |     59 |      0 |      0 |     34 |   1 |   59.0 |
       Dungeon |     59 |     59 |      0 |      0 |     34 |   1 |   59.0 |
               +--------+--------+--------+--------+--------+-----+--------+

Top non-repeatable levels by time:
     D:1: 59 daAuts
